[ AOE2 MATCH · #494404123 ]
UnrankedWu vs Khitans
Player's team · LOSS
Rival team · WIN
[ REPLAY ANALYSIS · EXTRACTED FROM THE RECORDED GAME ]
Feudal
8:58
Castle
23:13
Imperial
40:37
| APM avg | 77.4 |
| APM peak | 106 |
| eAPM avg | 38.3 |
| Villagers / military | 175 / 32 |
Focus
⚔️ 39.8% · 🌾 60.2%
Unknown (1968) ×61 · Skirmisher ×17 · Unknown (1974) ×8 · Militia ×7 · Archer ×6 · Mangonel ×1
Feudal
10:17
Castle
23:29
Imperial
35:01
| APM avg | 60.6 |
| APM peak | 106 |
| eAPM avg | 24.9 |
| Villagers / military | 170 / 136 |
Focus
⚔️ 40.6% · 🌾 59.4%
Cavalry Archer ×71 · Skirmisher ×27 · Scout Cavalry ×16 · Steppe Lancer ×16 · Unknown (1923) ×3 · Monk ×2
Match map
Initial resources + every placement click. Lines = walls · curves = elevation contours. ◆ gold · ⬟ stone · ● berries · ✦ relic · ◌ wall gap
Your base· Open — 5t gap
Gabi's base· ✓ Closed at 23:29 · 51t walls · 1 gate(s)
Smoothed initial terrain · ◌ = detected wall gap · hover for details
Inputs per minute
— Speed - - Gabi
Build order — Speed
First 150 of 464 actions detected
| 0:00 | Create | Villager (Male) |
| 0:01 | Create | Villager (Male) |
| 0:01 | Create | Villager (Male) |
| 0:02 | Build | House |
| 0:03 | Build | House |
| 1:07 | Create | Villager (Male) |
| 1:33 | Create | Villager (Male) |
| 1:48 | Build | Lumber Camp |
| 1:56 | Create | Villager (Male) |
| 1:56 | Create | Villager (Male) |
| 2:23 | Create | Villager (Male) |
| 2:23 | Create | Villager (Male) |
| 2:41 | Create | Villager (Male) |
| 3:15 | Create | Villager (Male) |
| 3:35 | Create | Villager (Male) |
| 3:54 | Build | House |
| 4:08 | Create | Villager (Male) |
| 4:17 | Create | Villager (Male) |
| 4:58 | Create | Villager (Male) |
| 5:20 | Create | Villager (Male) |
| 5:33 | Build | Barracks |
| 5:44 | Create | Villager (Male) |
| 5:45 | Research | Loom |
| 5:45 | Research | Loom |
| 5:52 | Build | Palisade Wall |
| 5:53 | Build | Palisade Wall |
| 6:01 | Build | Palisade Wall |
| 6:15 | Build | Palisade Wall |
| 6:17 | Build | House |
| 6:48 | Research | Feudal Age |
| 6:48 | Research | Feudal Age |
| 6:52 | Create | Militia |
| 7:10 | Build | Mining Camp |
| 7:22 | Create | Militia |
| 8:12 | Create | Militia |
| 8:21 | Build | House |
| 8:42 | Build | House |
| 8:51 | Create | Villager (Male) |
| 8:58 | Age | Feudal Age |
| 9:00 | Build | Watch Tower |
| 9:02 | Research | Man-at-Arms (upgrade) |
| 9:10 | Create | Villager (Male) |
| 9:22 | Build | Archery Range |
| 9:32 | Create | Villager (Male) |
| 9:44 | Build | Mill |
| 9:55 | Create | Villager (Male) |
| 10:25 | Create | Villager (Male) |
| 10:30 | Build | Mining Camp |
| 10:43 | Create | Archer |
| 10:47 | Create | Villager (Male) |
| 11:09 | Build | Farm |
| 11:18 | Create | Archer |
| 11:19 | Create | Villager (Male) |
| 11:37 | Research | Double-Bit Axe |
| 11:55 | Build | Watch Tower |
| 11:57 | Create | Archer |
| 11:58 | Create | Villager (Male) |
| 12:05 | Create | Villager (Male) |
| 12:31 | Create | Villager (Male) |
| 12:34 | Create | Archer |
| 12:46 | Create | Villager (Male) |
| 13:01 | Build | House |
| 13:02 | Build | House |
| 13:02 | Build | House |
| 13:12 | Build | Farm |
| 13:13 | Build | Farm |
| 13:16 | Build | Farm |
| 13:17 | Create | Archer |
| 13:23 | Create | Villager (Male) |
| 13:30 | Create | Villager (Male) |
| 13:41 | Build | Watch Tower |
| 13:45 | Create | Archer |
| 13:51 | Build | Farm |
| 14:01 | Build | Palisade Wall |
| 14:06 | Build | Palisade Wall |
| 14:11 | Build | House |
| 14:13 | Build | Palisade Wall |
| 14:13 | Build | Palisade Wall |
| 14:14 | Build | Palisade Wall |
| 14:18 | Create | Villager (Male) |
| 14:34 | Build | House |
| 14:36 | Build | Palisade Gate |
| 14:38 | Create | Villager (Male) |
| 14:47 | Create | Villager (Male) |
| 15:02 | Build | House |
| 15:02 | Create | Villager (Male) |
| 15:12 | Build | House |
| 15:14 | Create | Villager (Male) |
| 15:16 | Build | Farm |
| 15:32 | Build | Farm |
| 15:33 | Build | Farm |
| 15:40 | Build | House |
| 15:41 | Build | Palisade Wall |
| 15:42 | Build | Palisade Wall |
| 15:48 | Create | Villager (Male) |
| 15:51 | Build | Farm |
| 15:53 | Build | Farm |
| 16:35 | Build | Blacksmith |
| 16:48 | Build | Farm |
| 16:49 | Create | Villager (Male) |
| 17:06 | Create | Villager (Male) |
| 17:11 | Build | Farm |
| 17:12 | Build | Farm |
| 17:15 | Research | Fletching |
| 17:16 | Research | Fletching |
| 17:21 | Create | Villager (Male) |
| 17:24 | Build | Palisade Wall |
| 17:28 | Build | House |
| 17:28 | Build | House |
| 17:39 | Build | House |
| 17:40 | Create | Villager (Male) |
| 17:45 | Build | House |
| 18:01 | Create | Villager (Male) |
| 18:07 | Build | House |
| 18:37 | Create | Villager (Male) |
| 18:42 | Build | Farm |
| 18:45 | Build | Farm |
| 18:52 | Create | Villager (Male) |
| 18:55 | Create | Villager (Male) |
| 19:05 | Build | Market |
| 19:26 | Build | Mining Camp |
| 19:34 | Build | Farm |
| 19:35 | Build | Farm |
| 19:39 | Create | Villager (Male) |
| 19:41 | Build | Palisade Wall |
| 19:51 | Build | Farm |
| 20:33 | Research | Castle Age |
| 20:33 | Research | Castle Age |
| 21:02 | Build | House |
| 21:03 | Build | Palisade Wall |
| 21:03 | Build | Palisade Wall |
| 21:04 | Build | Palisade Wall |
| 21:09 | Research | Horse Collar |
| 21:11 | Build | Barracks |
| 21:12 | Create | Militia |
| 21:27 | Build | Farm |
| 21:27 | Build | Farm |
| 21:30 | Build | Lumber Camp |
| 21:34 | Research | Scale Mail Armor |
| 21:35 | Create | Militia |
| 21:49 | Build | Barracks |
| 21:54 | Create | Militia |
| 22:08 | Build | Farm |
| 22:14 | Create | Militia |
| 22:31 | Build | Farm |
| 22:33 | Build | Farm |
| 23:06 | Create | Villager (Male) |
| 23:13 | Age | Castle Age |
| 23:16 | Research | Long Swordsman (upgrade) |
| 23:16 | Research | Long Swordsman (upgrade) |
Build order — Gabi
First 150 of 479 actions detected
| 0:01 | Create | Villager (Male) |
| 0:02 | Build | House |
| 0:03 | Build | House |
| 0:23 | Create | Villager (Male) |
| 0:23 | Create | Villager (Male) |
| 0:23 | Create | Villager (Male) |
| 1:30 | Build | Mill |
| 1:33 | Create | Villager (Male) |
| 1:54 | Create | Villager (Male) |
| 2:25 | Create | Villager (Male) |
| 2:43 | Create | Villager (Male) |
| 3:12 | Create | Villager (Male) |
| 3:14 | Build | House |
| 3:36 | Create | Villager (Male) |
| 3:57 | Create | Villager (Male) |
| 4:19 | Create | Villager (Male) |
| 4:37 | Create | Villager (Male) |
| 4:47 | Build | Lumber Camp |
| 5:11 | Create | Villager (Male) |
| 5:21 | Build | House |
| 5:32 | Create | Villager (Male) |
| 6:05 | Create | Villager (Male) |
| 6:11 | Build | Palisade Wall |
| 6:12 | Build | Palisade Wall |
| 6:15 | Create | Villager (Male) |
| 6:24 | Build | Palisade Wall |
| 6:25 | Build | Palisade Wall |
| 6:45 | Build | Palisade Wall |
| 6:57 | Create | Villager (Male) |
| 6:59 | Build | Palisade Wall |
| 7:04 | Build | Palisade Wall |
| 7:30 | Build | Palisade Wall |
| 7:32 | Create | Villager (Male) |
| 7:54 | Build | Palisade Gate |
| 8:00 | Build | Palisade Wall |
| 8:07 | Research | Feudal Age |
| 8:10 | Build | Palisade Wall |
| 8:14 | Build | Palisade Wall |
| 8:15 | Build | Palisade Wall |
| 9:01 | Build | Barracks |
| 9:19 | Build | House |
| 9:38 | Research | Loom |
| 9:50 | Build | Palisade Wall |
| 9:58 | Build | Palisade Wall |
| 10:17 | Create | Villager (Male) |
| 10:17 | Age | Feudal Age |
| 10:20 | Build | Archery Range |
| 10:24 | Research | Double-Bit Axe |
| 10:30 | Build | Palisade Wall |
| 10:34 | Create | Villager (Male) |
| 10:48 | Build | Palisade Wall |
| 11:00 | Create | Villager (Male) |
| 11:03 | Build | Mill |
| 11:06 | Create | Archer |
| 11:06 | Create | Archer |
| 11:11 | Build | House |
| 11:15 | Create | Villager (Male) |
| 11:29 | Create | Skirmisher |
| 11:42 | Create | Villager (Male) |
| 11:53 | Create | Skirmisher |
| 11:55 | Create | Villager (Male) |
| 12:07 | Create | Skirmisher |
| 12:13 | Create | Villager (Male) |
| 12:16 | Build | Watch Tower |
| 12:21 | Create | Skirmisher |
| 12:29 | Build | House |
| 12:32 | Build | Lumber Camp |
| 12:45 | Create | Villager (Male) |
| 13:03 | Build | House |
| 13:27 | Create | Villager (Male) |
| 13:34 | Build | Pasture |
| 13:39 | Create | Skirmisher |
| 13:53 | Create | Villager (Male) |
| 13:54 | Create | Skirmisher |
| 14:05 | Create | Villager (Male) |
| 14:20 | Build | House |
| 14:22 | Create | Skirmisher |
| 14:25 | Create | Villager (Male) |
| 14:41 | Build | Pasture |
| 14:49 | Create | Skirmisher |
| 14:50 | Build | House |
| 14:57 | Create | Villager (Male) |
| 15:00 | Create | Skirmisher |
| 15:10 | Build | Pasture |
| 15:19 | Build | House |
| 15:25 | Create | Skirmisher |
| 15:30 | Create | Villager (Male) |
| 15:40 | Build | Lumber Camp |
| 15:56 | Build | Palisade Wall |
| 16:14 | Build | Pasture |
| 16:23 | Create | Skirmisher |
| 16:24 | Create | Villager (Male) |
| 16:29 | Create | Villager (Male) |
| 16:50 | Create | Skirmisher |
| 16:54 | Build | Pasture |
| 16:57 | Create | Villager (Male) |
| 17:07 | Create | Skirmisher |
| 17:11 | Build | Pasture |
| 17:15 | Build | House |
| 17:30 | Build | Mining Camp |
| 17:38 | Create | Villager (Male) |
| 17:40 | Create | Skirmisher |
| 17:59 | Build | Pasture |
| 18:05 | Create | Skirmisher |
| 18:08 | Create | Villager (Male) |
| 18:21 | Build | Blacksmith |
| 18:41 | Create | Skirmisher |
| 18:42 | Build | Pasture |
| 18:50 | Create | Villager (Male) |
| 19:03 | Create | Skirmisher |
| 19:04 | Create | Skirmisher |
| 19:06 | Create | Villager (Male) |
| 19:15 | Build | Pasture |
| 19:23 | Build | House |
| 19:34 | Research | Wheelbarrow |
| 19:37 | Build | Archery Range |
| 19:51 | Build | Palisade Wall |
| 19:53 | Build | House |
| 19:54 | Build | House |
| 20:14 | Research | Castle Age |
| 20:18 | Build | Palisade Gate |
| 20:18 | Build | Palisade Wall |
| 20:27 | Build | Stable |
| 20:32 | Build | Mining Camp |
| 20:33 | Research | Gold Mining |
| 20:50 | Build | House |
| 20:52 | Build | House |
| 21:06 | Research | Tech 1014 |
| 21:42 | Research | Fletching |
| 21:47 | Build | House |
| 21:59 | Build | Stable |
| 22:06 | Research | Padded Archer Armor |
| 22:09 | Research | Forging |
| 22:17 | Build | House |
| 22:34 | Create | Villager (Male) |
| 22:51 | Research | Scale Barding Armor |
| 23:21 | Build | House |
| 23:28 | Create | Villager (Male) |
| 23:29 | Age | Castle Age |
| 23:30 | Research | Bodkin Arrow |
| 23:32 | Create | Steppe Lancer |
| 23:33 | Create | Steppe Lancer |
| 23:33 | Create | Steppe Lancer |
| 23:34 | Create | Steppe Lancer |
| 23:47 | Research | Husbandry |
| 23:50 | Create | Villager (Male) |
| 23:56 | Create | Steppe Lancer |
| 23:56 | Create | Steppe Lancer |
| 24:01 | Build | Pasture |
| 24:06 | Create | Villager (Male) |
Match timeline
| 5:33 | Speed · first_building Barracks |
| 5:52 | Speed · wall_segment Palisade Wall x1 |
| 5:53 | Speed · wall_segment Palisade Wall x1 |
| 6:01 | Speed · wall_segment Palisade Wall x1 |
| 6:11 | Gabi · wall_segment Palisade Wall x4 |
| 6:12 | Gabi · wall_segment Palisade Wall x1 |
| 6:15 | Speed · wall_segment Palisade Wall x1 |
| 6:24 | Gabi · wall_segment Palisade Wall x6 |
| 6:25 | Gabi · wall_segment Palisade Wall x1 |
| 6:45 | Gabi · wall_segment Palisade Wall x1 |
| 6:59 | Gabi · wall_segment Palisade Wall x6 |
| 7:04 | Gabi · wall_segment Palisade Wall x1 |
| 7:30 | Gabi · wall_segment Palisade Wall x1 |
| 8:00 | Gabi · wall_segment Palisade Wall x1 |
| 8:10 | Gabi · wall_segment Palisade Wall x1 |
| 8:14 | Gabi · wall_segment Palisade Wall x1 |
| 8:15 | Gabi · wall_segment Palisade Wall x1 |
| 8:58 | Speed · age_up feudal |
| 9:01 | Gabi · first_building Barracks |
| 9:22 | Speed · first_building Archery Range |
| 9:50 | Gabi · wall_segment Palisade Wall x6 |
| 9:58 | Gabi · wall_segment Palisade Wall x5 |
| 10:17 | Gabi · age_up feudal |
| 10:20 | Gabi · first_building Archery Range |
| 10:30 | Gabi · wall_segment Palisade Wall x1 |
| 10:48 | Gabi · wall_segment Palisade Wall x1 |
| 14:01 | Speed · wall_segment Palisade Wall x10 |
| 14:06 | Speed · wall_segment Palisade Wall x13 |
| 14:13 | Speed · wall_segment Palisade Wall x1 |
| 14:13 | Speed · wall_segment Palisade Wall x1 |
| 14:14 | Speed · wall_segment Palisade Wall x1 |
| 15:41 | Speed · wall_segment Palisade Wall x1 |
| 15:42 | Speed · wall_segment Palisade Wall x1 |
| 15:56 | Gabi · wall_segment Palisade Wall x12 |
| 17:24 | Speed · wall_segment Palisade Wall x6 |
| 19:41 | Speed · wall_segment Palisade Wall x1 |
| 19:51 | Gabi · wall_segment Palisade Wall x1 |
| 20:18 | Gabi · wall_segment Palisade Wall x1 |
| 20:22 | Speed · first_market_buy 100 food |
| 20:27 | Gabi · first_building Stable |
| 21:03 | Speed · wall_segment Palisade Wall x1 |
| 21:03 | Speed · wall_segment Palisade Wall x1 |
| 21:04 | Speed · wall_segment Palisade Wall x1 |
| 23:13 | Speed · age_up castle |
| 23:28 | Speed · first_building Siege Workshop |
| 23:29 | Gabi · age_up castle |
| 25:10 | Gabi · first_building Monastery |
| 25:17 | Speed · wall_segment Palisade Wall x1 |
| 26:00 | Speed · first_building Castle |
| 26:11 | Speed · wall_segment Palisade Wall x2 |
| 26:12 | Speed · wall_segment Palisade Wall x1 |
| 32:50 | Speed · first_building Monastery |
| 34:26 | Gabi · first_market_sell 100 food |
| 35:01 | Gabi · age_up imperial |
| 36:27 | Gabi · first_market_buy 100 stone |
| 37:18 | Speed · first_market_sell 100 wood |
| 37:58 | Gabi · first_building Siege Workshop |
| 40:37 | Speed · age_up imperial |
| 43:12 | Gabi · first_building Castle |
| 45:25 | Speed · wall_segment Stone Wall x6 |
| 45:57 | Speed · wall_segment Palisade Wall x1 |
| 46:02 | Speed · wall_segment Palisade Wall x1 |
| 46:12 | Speed · resign |
[ AI ANALYSIS · 1 CREDIT ]
What really happened in this match?
Wolo.gg analyzes every decision: build order, eco, micro, common mistakes by bracket. Personalized analysis on WhatsApp or Discord in 30 seconds.
Civ guide
Wu
Perfil
Jugador #17731854